 Dungeon Crawl Stone Soup version 0.22-a0-567-gff9aefc (webtiles) character file.

4191 inc the Destroyer (level 10, -1/56 HPs)
             Began as an Octopode Fire Elementalist on June 29, 2018.
             Was an Initiate of Gozag.
             Slain by a polar bear (19 damage)
             ... on level 8 of the Dungeon.
             The game lasted 00:20:33 (10671 turns).

inc the Destroyer (Octopode Fire Elementalist)     Turns: 10671, Time: 00:20:34

Health: -1/56      AC:  1    Str:  7    XL:     10   Next: 29%
Magic:  3/16       EV: 13    Int: 21    God:    Gozag
Gold:   373        SH:  5    Dex: 13    Spells: 4/17 levels left

rFire    . . .     SeeInvis .   q - staff of conjuration
rCold    + . .     Gourm    .   w - +0 buckler {rC+}
rNeg     . . .     Faith    .   (helmet restricted)
rPois    .         Spirit   .   (no amulet)
rElec    .         Reflect  .   (no ring)
rCorr    .         Harm     .   (no ring)
MR       .....                  (no ring)
Stlth    +++.......             (no ring)
HPRegen  0.18/turn              (no ring)
MPRegen  0.15/turn              (no ring)
                                (no ring)
                                (no ring)

@: gold aura
A: almost no armour, stealthy swim, amphibious, 8 rings, constrict 8, camouflage
1, gelatinous body 1
a: Potion Petition, Call Merchant, Bribe Branch, Renounce Religion


You were on level 8 of the Dungeon.
You worshipped Gozag.
Gozag was aware of your devotion.
You were full.

You visited 2 branches of the dungeon, and saw 9 of its levels.

You collected 504 gold pieces.
You paid 131 gold pieces to Gozag.

Inventory:

Armour
 w - a +0 buckler of cold resistance (worn)
Magical Staves
 q - an uncursed staff of conjuration (weapon)
Wands
 n - a wand of clouds (7)
 r - a wand of disintegration (9)
 t - a wand of scattershot (4)
Scrolls
 b - 2 scrolls of fog
 e - a scroll of teleportation {unknown}
 f - a scroll of random uselessness {unknown}
 i - a scroll of blinking {unknown}
 j - 3 scrolls of remove curse
 k - a scroll of noise {unknown}
 o - a scroll of enchant weapon {unknown}
 s - 2 scrolls of amnesia {unknown}
 v - a scroll of identify
Potions
 a - a potion of heal wounds {unknown}
 d - a potion of agility {unknown}
 g - 3 potions of flight
 h - a potion of mutation {unknown}
 l - 3 potions of magic {unknown}
 m - a potion of invisibility
 p - a potion of curing
Comestibles
 c - 9 rations


   Skills:
 - Level 2.0 Dodging
 - Level 2.6 Stealth
 - Level 4.6 Shields
 - Level 4.4 Spellcasting
 + Level 9.6 Conjurations
 - Level 9.5 Fire Magic


You had 4 spell levels left.
You knew the following spells:

 Your Spells              Type           Power        Failure   Level  Hunger
a - Flame Tongue          Conj/Fire      #####        1%          1    None
b - Conjure Flame         Conj/Fire      ######..     1%          3    ##.....
c - Sticky Flame          Conj/Fire      ######..     2%          4    ####...
d - Fireball              Conj/Fire      ######....   6%          5    ######.

Your spell library contained the following spells:

 Spells                   Type           Power        Failure   Level  Hunger
 Throw Flame              Conj/Fire      ######       1%          2    #......
 Inner Flame              Hex/Fire       ###.....     4%          3    ##.....


Dungeon Overview and Level Annotations

Branches:
Dungeon (8/15)             Temple (1/1) D:7
   Lair: D:8-11

Altars:
Ashenzari
Cheibriados
Dithmenos
Elyvilon
Fedhas
Gozag
Hepliaklqana
Kikubaaqudgha
Makhleb
Nemelex Xobeh
Okawaru
Qazlal
Ru
Sif Muna
Trog
Uskayaw
Vehumet
Wu Jian
Xom
Yredelemnul
Zin
The Shining One


Innate Abilities, Weirdness & Mutations

You cannot wear most types of armour.
You are very stealthy in the water. (Stealth+)
You are amphibious.
You can wear up to eight rings at the same time.
You can use your tentacles to constrict eight enemies at once.
Your skin changes colour to match your surroundings (Stealth+).
Your rubbery body absorbs attacks. (AC +1, EV +1)


Message History

The polar bear barely misses you.
Casting: Flame Tongue (safe; 1% risk of failure)
Confirm with . or Enter, or press ? or * to list all spells.
Aiming: Flame Tongue (safe; 1% risk of failure)
Press: ? - help, Shift-Dir - straight line, f/p - polar bear
Aim: a polar bear (severely wounded)
You feel a surge of power!
The flame tongue hits the polar bear.
The polar bear is almost dead.
The polar bear bites you! The polar bear claws you.
The polar bear barely misses you.
Casting: Flame Tongue (safe; 1% risk of failure)
Confirm with . or Enter, or press ? or * to list all spells.
Aiming: Flame Tongue (safe; 1% risk of failure)
Press: ? - help, Shift-Dir - straight line, f/p - polar bear
Aim: a polar bear (almost dead)
You feel a surge of power!
The flame tongue hits the polar bear.
The polar bear is almost dead.
The polar bear bites you!!
You die...
Your body crumbles into a pile of gold.

# # ## .## ..## ...## ....#
....######################
#...............@h$......###
#.#≈≈≈#####.#######.####.!.##
#.#≈≈≈≈≈≈##.# #.# #.#..#
#.#≈≈≈≈≈≈≈#.# #.# #....?#
#.#≈≈≈≈≈≈##.# #.# #.....#
...≈≈≈#####.# #.# #.....#
......# #.# #.# #.....#
.....## ... #.# #...Y.. ....
##.....#


You could see a polar bear.

Vanquished Creatures
  A two-headed ogre (D:7)
  Pikel (D:8)
  A hippogriff (D:7)
  2 wyverns (D:8)
  Duvessa (D:6)
  An ice beast (D:7)
  A slave (D:8)
  2 sky beasts
  A necrophage (D:6)
  A wolf (D:8)
  2 ogres (D:5)
  3 centaurs
  2 big kobolds (D:7)
  2 bullfrogs (D:7)
  Dowan (D:6)
  3 scorpions
  2 water moccasin skeletons
  An electric eel (D:8)
  4 crimson imps
  A bullfrog zombie (D:7)
  7 hounds
  3 orc priests
  3 centaur skeletons
  A bullfrog skeleton (D:7)
  5 orc wizards
  2 iguanas
  2 worker ants
  4 gnolls (D:7)
  10 adders
  A shadow imp (D:7)
  A white imp (D:8)
  3 oozes
  A worm (D:4)
  2 adder skeletons
  2 adder zombies (D:6)
  2 dart slugs
  15 orcs
  6 bats
  3 bat zombies (D:2)
  5 giant cockroaches
  3 goblins (D:1)
  9 hobgoblins
  8 jackals
  3 quokkas
  5 frilled lizards
  2 giant cockroach zombies
  A jackal zombie (D:7)
  18 kobolds
  A leopard gecko zombie (D:7)
  2 quokka skeletons (D:6)
  9 rats
172 creatures vanquished.

Vanquished Creatures (others)
  2 slaves (D:8)
  A centaur zombie (D:8)
  An ufetubus (D:8)
  An adder simulacrum (D:8)
5 creatures vanquished.

Grand Total: 177 creatures vanquished

Notes
Turn   | Place    | Note
-------+----------+-------------------------------------------
     0 | D:1      | inc the Octopode Fire Elementalist began the quest for the Orb.
     0 | D:1      | Reached XP level 1. HP: 11/11 MP: 3/3
   130 | D:1      | Reached XP level 2. HP: 17/17 MP: 0/5
   813 | D:1      | Reached XP level 3. HP: 21/21 MP: 4/6
  1258 | D:2      | Found an ornate altar of the Wu Jian Council.
  1313 | D:2      | Found a burning altar of Makhleb.
  1329 | D:2      | Reached XP level 4. HP: 21/27 MP: 7/7
  1921 | D:2      | Found a sacrificial altar of Ru.
  2107 | D:2      | Reached XP level 5. HP: 25/31 MP: 3/8
  2691 | D:3      | Found an iron altar of Okawaru.
  2789 | D:3      | Reached skill level 5 in Conjurations
  2862 | D:3      | Found an ancient bone altar of Kikubaaqudgha.
  2871 | D:3      | Found a hide-covered altar of Uskayaw.
  2902 | D:3      | Noticed a hand axe
  2903 | D:3      | Noticed a hand axe
  3562 | D:4      | Found a burning altar of Makhleb.
  3569 | D:4      | Reached XP level 6. HP: 26/36 MP: 5/9
  3660 | D:4      | Found a glowing silver altar of Zin.
  3835 | D:5      | Entered Level 5 of the Dungeon
  3964 | D:5      | Learned a level 3 spell: Conjure Flame
  3969 | D:5      | Learned a level 4 spell: Sticky Flame
  4533 | D:5      | Reached XP level 7. HP: 41/41 MP: 0/12
  5717 | D:6      | Found a radiant altar of Vehumet.
  5723 | D:6      | Noticed Dowan
  5724 | D:6      | Noticed Duvessa
  6011 | D:6      | Reached skill level 5 in Fire Magic
  6012 | D:6      | Found a stormy altar of Qazlal.
  6220 | D:6      | Reached XP level 8. HP: 46/46 MP: 4/14
  6387 | D:6      | Killed Duvessa
  6388 | D:6      | Killed Dowan
  6723 | D:6      | Found a blossoming altar of Fedhas.
  7285 | D:6      | Got a steaming hunting sling
  7286 | D:6      | Identified the +4 hunting sling of Arrival {venom, *Contam rElec Str+4} (You found it on level 6 of the Dungeon)
  7323 | D:7      | Found a deep blue altar of Sif Muna.
  7655 | D:7      | Found a shadowy altar of Dithmenos.
  7735 | D:6      | Reached XP level 9. HP: 11/51 MP: 2/15
  8616 | D:7      | Reached skill level 1 in Shields
  8795 | D:7      | Noticed a two-headed ogre
  8814 | D:7      | Learned a level 5 spell: Fireball
  9299 | D:7      | Found a staircase to the Ecumenical Temple.
  9311 | Temple   | Entered the Ecumenical Temple
  9363 | Temple   | Became a worshipper of Gozag Ym Sagoz the Greedy
 10072 | D:7      | Killed a two-headed ogre
 10187 | D:8      | Noticed Pikel
 10211 | D:8      | Killed Pikel
 10211 | D:8      | Reached XP level 10. HP: 27/56 MP: 0/16
 10671 | D:8      | Slain by a polar bear

Vault maps used:
D:1:      eino_arrival_tree_alley, serial_co_window_serial, co_window_corner_a,
          co_window_corner_a, co_window_paths_b, co_window_paths_b,
          co_window_paths_b, co_window_of_opportunity_a,
          co_window_of_opportunity_a, co_window_corner_a,
          co_window_of_opportunity_a, co_window_2corner, co_window_corner_cb,
          co_window_broadway_c, co_window_corner_cb, co_window_2corner,
          co_window_paths_c, glass_columns_b, glass_columns_c, glass_columns_b,
          glass_columns_a, minmay_hexomino_c4
D:2:      overflow_temple_1_default, marbit_many_paths, makhleb_grotto_becter,
          serial_undead, serial_undead_c, serial_undead_a, serial_undead_a,
          serial_undead_d
D:3:      kiku_gazebo_pond_becter, okawaru_metal_pillars_3,
          dancing_weapons_uskayaw, first_ration
D:4:      zin_treasury, makhleb_heckhound_becter
D:6:      vehumet_crystals, grunt_qazlal_clouds, fedhas_altar_1, uniq_duvessa
D:7:      nicolae_dithmenos_shadow_blocks, nicolae_overflow_crystal_walls,
          minmay_temple_entry_statues_fountains
D:8:      serial_ice, serial_ice_l, serial_ice_d, serial_ice_b, serial_ice_e,
          uniq_pikel
Temple:   minmay_temple_curvy_loop

Skill      XL: |  1  2  3  4  5  6  7  8  9 10 |
---------------+-------------------------------+-----
Conjurations   | 2 3 4 5 6 8 9 |  9.6
Spellcasting   | 3 4 |  4.4
Fire Magic     | 5 8 9 |  9.5
Shields        | 4 |  4.6
Dodging        | |  2.0
Stealth        | |  2.6

Action                   |  1- 3 |  4- 6 |  7- 9 | 10-12 || total
-------------------------+-------+-------+-------+-------++-------
Melee: Unarmed           |    20 |    47 |       |       ||    67
       Tentacles         |     5 |     9 |    10 |     5 ||    29
       Constrict         |     4 |    10 |    19 |     1 ||    34
       Staff             |       |       |    84 |     9 ||    93
 Cast: Flame Tongue      |    39 |   100 |   140 |    11 ||   290
       Conjure Flame     |       |     2 |     5 |       ||     7
       Sticky Flame      |       |     1 |    38 |     6 ||    45
       Fireball          |       |       |       |     1 ||     1
  Use: Scroll            |       |       |     3 |       ||     3
 Stab: Sleeping          |       |     1 |     3 |       ||     4
       Distracted        |       |       |     1 |       ||     1
  Eat: Chunk             |     1 |    10 |    10 |       ||    21
       Ration            |       |     1 |     6 |       ||     7
Armor: Skin              |     4 |     8 |    15 |     4 ||    31
Dodge: Dodged            |    20 |    80 |   111 |    13 ||   224
Block: Buckler           |       |       |    12 |     3 ||    15

Table legend:
 A = Spawn XP
 B = Non-spawn XP
 C = Spawn XP percentage of total XP
 D = Spawn monster count
 E = Non-spawn monster count
 F = Spawn count percentage of total count
 G = Total turns spent on level
                    A         B        C        D         E        F      G
               +---------+---------+-------+---------+---------+-------+---------
         Total |       0 |    5988 |   0.0 |       0 |     171 |   0.0 | 10671
               +---------+---------+-------+---------+---------+-------+---------
           D:1 |       0 |      52 |   0.0 |       0 |      29 |   0.0 |  1232
           D:2 |       0 |     113 |   0.0 |       0 |      18 |   0.0 |  1028
           D:3 |       0 |      67 |   0.0 |       0 |      20 |   0.0 |   968
           D:4 |       0 |     101 |   0.0 |       0 |       4 |   0.0 |   911
           D:5 |       0 |     637 |   0.0 |       0 |      13 |   0.0 |  1570
           D:6 |       0 |    1142 |   0.0 |       0 |      29 |   0.0 |  2347
           D:7 |       0 |    2388 |   0.0 |       0 |      46 |   0.0 |  2050
           D:8 |       0 |    1488 |   0.0 |       0 |      12 |   0.0 |   343
               +---------+---------+-------+---------+---------+-------+---------
